 Dungeon Crawl Stone Soup version 0.22-a0-181-gb22368a (webtiles) character file.

5322 Borgoz the Cleaver (level 10, -3/91 HPs)
             Began as a Hill Orc Abyssal Knight on Feb 14, 2018.
             Was an Elder of Lugonu.
             Slain by Joseph
             ... wielding a +1 quarterstaff of draining
              (5 damage)
             ... on level 8 of the Dungeon.
             The game lasted 00:21:02 (9945 turns).

Borgoz the Cleaver (Hill Orc Abyssal Knight)        Turns: 9945, Time: 00:21:03

Health: -3/91      AC: 11    Str: 27    XL:     10   Next: 64%
Magic:  11/11      EV: 12    Int: 12    God:    Lugonu [****..]
Gold:   349        SH:  0    Dex: 17    Spells: 6/9 levels left

rFire    + . .     SeeInvis .   a - +0 battleaxe
rCold    + + +     Gourm    .   (shield currently unavailable)
rNeg     + . .     Faith    .   l - +0 scale mail
rPois    +         Spirit   .   (no helmet)
rElec    .         Reflect  .   C - scarf {rC+ rF+}
rCorr    .         Harm     .   z - +2 pair of gloves
MR       .....                  (no boots)
Stlth    ..........             I - amulet "Zoalycorch" {rPois rC++ Regen+}
HPRegen  0.65/turn              K - ring of Ypad {rC- rN+ Str+5 Dex+3 Stlth-}
MPRegen  0.12/turn              J - ring "Tinifao" {rC+ Str+4 Dex+3 Stlth+}

@: very slightly contaminated, drained, invisible
A: no striking features
a: Depart the Abyss, Bend Space, Banish, Corrupt, Renounce Religion


You were on level 8 of the Dungeon.
You worshipped Lugonu.
Lugonu was greatly pleased with you.
You were not hungry.

You visited 1 branch of the dungeon, and saw 8 of its levels.
You visited the Abyss 1 time.

You collected 349 gold pieces.

Inventory:

Hand Weapons
 a - a +0 battleaxe (weapon)
 b - the +1 mace "Kadarha" {antimagic, rN++ Str+3}
   (You found it on level 5 of the Dungeon)

   It reduces the magical energy of the wielder, and disrupts the spells and
   magical abilities of those hit.
   Natural abilities and divine invocations are not affected.
   It affects your strength (+3).
   It greatly protects you from negative energy.
Armour
 e - +0 ice dragon scales
 l - a +0 scale mail (worn)
 z - a +2 pair of gloves (worn)
 C - a scarf of resistance (worn)
Jewellery
 x - an uncursed ring of protection from cold
 H - the ring "Boch" {*Slow Int+4 Dex+3 SInv Stlth-}
   (You took it off an orc on level 7 of the Dungeon)

   [ring of loudness]

   It affects your intelligence (+4).
   It affects your dexterity (+3).
   It lets you see invisible.
   It may slow you when you take damage.
   It makes you less stealthy.
 I - the amulet "Zoalycorch" (around neck) {rPois rC++ Regen+}
   (You took it off a crimson imp on level 7 of the Dungeon)

   [amulet of regeneration]

   It greatly protects you from cold.
   It protects you from poison.
   It increases your rate of regeneration.
 J - the ring "Tinifao" (right hand) {rC+ Str+4 Dex+3 Stlth+}
   (You found it on level 7 of the Dungeon)

   [ring of protection from cold]

   It affects your strength (+4).
   It affects your dexterity (+3).
   It protects you from cold.
   It makes you more stealthy.
 K - the ring of Ypad (left hand) {rC- rN+ Str+5 Dex+3 Stlth-}
   (You found it on level 7 of the Dungeon)

   [ring of loudness]

   It affects your strength (+5).
   It affects your dexterity (+3).
   It makes you vulnerable to cold.
   It protects you from negative energy.
   It makes you less stealthy.
Wands
 v - a wand of disintegration (6)
 y - a wand of polymorph (26)
 B - a wand of random effects (14)
 L - a wand of iceblast (10)
Scrolls
 d - 2 scrolls of random uselessness {unknown}
 f - 5 scrolls of magic mapping
 g - 5 scrolls of teleportation
 i - a scroll of fog {unknown}
 k - 7 scrolls of remove curse
 p - 3 scrolls of fear
 q - 2 scrolls of immolation {unknown}
 s - a scroll of enchant armour {unknown}
 t - 2 scrolls of amnesia
 u - a scroll of enchant weapon {unknown}
Potions
 h - a potion of mutation {unknown}
 j - 5 potions of agility
 m - 2 potions of curing
 n - 3 potions of haste
 o - 2 potions of berserk rage
 r - a potion of invisibility
 G - a potion of cancellation
Books
 w - a book of Callings

   Spells                             Type                      Level
   a - Summon Small Mammal            Summoning                    1
   b - Call Imp                       Summoning                    2
   c - Call Canine Familiar           Summoning                    3
   d - Summon Guardian Golem          Hexes/Summoning              3
   e - Summon Lightning Spire         Summoning/Air                4
   f - Summon Ice Beast               Ice/Summoning                4
 D - a book of Battle

   Spells                             Type                      Level
   a - Infusion                       Charms                       1
   b - Shroud of Golubria             Charms/Translocation         2
   c - Song of Slaying                Charms                       2
   d - Spectral Weapon                Hexes/Charms                 3
   e - Regeneration                   Charms/Necromancy            3
 F - a book of Maledictions

   Spells                             Type                      Level
   a - Corona                         Hexes                        1
   b - Ensorcelled Hibernation        Hexes/Ice                    2
   c - Confuse                        Hexes                        3
   d - Tukima's Dance                 Hexes                        3
   e - Dazzling Spray                 Conjuration/Hexes            3
Comestibles
 c - 20 rations
 A - 8 chunks of flesh


   Skills:
 + Level 9.0(8.0) Fighting
 + Level 13.8(12.8) Axes
 - Level 0.6(6.8) Maces & Flails
 + Level 8.5(7.5) Armour
 + Level 3.3(2.5) Dodging
 + Level 2.5(1.7) Invocations


You had 6 spell levels left.
You knew the following spells:

 Your Spells              Type           Power        Failure   Level  Hunger
a - Regeneration          Chrm/Necr      #.........   90%         3    ####...


Dungeon Overview and Level Annotations

Branches:
Dungeon (8/15)             Temple (0/1) D:5
   Lair: D:8-11

Altars:
Cheibriados
Fedhas
Hepliaklqana
Okawaru
Qazlal
Ru
Uskayaw

Shops:
D:5 [   D:7 :

Annotations:
D:8 Joseph


Message History

You partially resist.
You feel drained.
Okay, then.
Okay, then.
Okay, then.
Okay, then.
You fade into invisibility!
Joseph closely misses you.
You are very lightly contaminated with residual magic.
Your scale mail prevents you from hitting Joseph.
Joseph is moderately wounded.
Joseph hits you with a quarterstaff of draining.
* * * LOW HITPOINT WARNING * * *
You partially resist.
You feel drained.
You slice Joseph!!
Joseph is severely wounded.
Joseph barely misses you.
You slice Joseph!!
Joseph is almost dead.
Joseph hits you with a quarterstaff of draining.
You die...

.>..... #######
....... #.....# .....
#.....# ...## #.....#
#..## #.....#
#).###.....# ##
##.##......#####.
#####Z#........>....
#.@@.)..######......
#..###...............
#... ##..######......
...# .>## #...... ##
.### #...... ##
#...... .......
########


You could see Joseph and a bullfrog skeleton (wandering).

Vanquished Creatures
  Pikel (D:5)
  A hippogriff (D:7)
  Grinder (D:6)
  Sigmund (D:6)
  A yak (D:7)
  A human (D:7)
  Grum (D:8)
  Eustachio (D:6)
  4 hogs (D:7)
  3 orc warriors
  2 ice beasts
  2 phantoms (D:7)
  7 sky beasts
  2 wolves (D:8)
  4 ogres
  6 bullfrogs
  A big kobold (D:7)
  2 scorpions (D:7)
  A crimson imp (D:7)
  2 bullfrog zombies
  A centaur skeleton (D:4)
  3 orc priests
  A bullfrog skeleton (D:5)
  3 hounds
  4 orc wizards
  2 iguanas
  6 worker ants
  2 hound zombies
  3 hound skeletons
  2 worker ant zombies
  A howler monkey skeleton (D:7)
  10 adders
  5 gnolls
  A shadow imp (D:8)
  An ooze (D:7)
  An adder skeleton (D:8)
  3 worms
  A leopard gecko (D:7)
  20 orcs
  6 giant cockroaches
  8 hobgoblins
  11 jackals
  A quokka (D:4)
  7 bats
  4 frilled lizards
  4 goblins
  5 kobolds
  A leopard gecko skeleton (D:5)
  A quokka skeleton (D:7)
  5 rats
  4 fungi (D:4)
  A plant (D:4)
172 creatures vanquished.

Vanquished Creatures (others)
  A hound (D:5)
  An orc wizard (D:6)
  A gnoll (D:5)
  An orc (D:5)
4 creatures vanquished.

Grand Total: 176 creatures vanquished

Notes
Turn   | Place    | Note
-------+----------+-------------------------------------------
     0 | Abyss:1  | Borgoz the Hill Orc Abyssal Knight began the quest for the Orb.
     0 | Abyss:1  | Reached XP level 1. HP: 19/19 MP: 2/2
   216 | Abyss:3  | Noticed an ancient zyme
   218 | Abyss:3  | Noticed a deep elf sorcerer
   219 | Abyss:3  | Noticed a starcursed mass
   219 | D:1      | Escaped the Abyss
   532 | D:1      | Reached XP level 2. HP: 27/27 MP: 3/3
   542 | D:1      | Reached skill level 3 in Axes
   555 | D:1      | Reached * piety under Lugonu
  1213 | D:2      | Found a snail-covered altar of Cheibriados.
  1244 | D:2      | Reached XP level 3. HP: 22/33 MP: 4/4
  1702 | D:3      | Reached XP level 4. HP: 7/41 MP: 5/5
  1982 | D:4      | Noticed a bullfrog
  1994 | D:4      | Killed a bullfrog
  1994 | D:4      | Reached skill level 4 in Axes
  1994 | D:4      | Reached skill level 1 in Dodging
  1994 | D:4      | Reached XP level 5. HP: 32/47 MP: 6/6
  2595 | D:3      | Found a hide-covered altar of Uskayaw.
  2717 | D:3      | Reached ** piety under Lugonu
  2727 | D:3      | Found a hazy altar of Hepliaklqana.
  3177 | D:3      | Reached skill level 5 in Axes
  3182 | D:3      | Reached XP level 6. HP: 40/55 MP: 7/7
  3499 | D:4      | Reached skill level 5 in Fighting
  3646 | D:4      | Reached skill level 6 in Axes
  3688 | D:4      | Found a blossoming altar of Fedhas.
  4040 | D:4      | Found an iron altar of Okawaru.
  4084 | D:4      | Reached XP level 7. HP: 29/61 MP: 8/8
  4451 | D:4      | Found a sacrificial altar of Ru.
  4452 | D:4      | Found a stormy altar of Qazlal.
  4489 | D:5      | Entered Level 5 of the Dungeon
  4530 | D:5      | Reached skill level 7 in Axes
  4530 | D:5      | Reached skill level 5 in Armour
  4853 | D:5      | Noticed Pikel
  4869 | D:5      | Killed Pikel
  4869 | D:5      | Reached skill level 9 in Axes
  4869 | D:5      | Reached XP level 8. HP: 70/70 MP: 9/9
  5079 | D:5      | Found Fanypp's Armour Emporium.
  5290 | D:5      | Found a staircase to the Ecumenical Temple.
  5364 | D:5      | Got a fine mace
  5748 | D:5      | Identified the cursed +1 mace "Kadarha" {antimagic, rN++ Str+3} (You found it on level 5 of the Dungeon)
  5873 | D:6      | Reached *** piety under Lugonu
  5965 | D:6      | Noticed Eustachio
  6576 | D:6      | Killed Eustachio
  6576 | D:6      | Reached skill level 10 in Axes
  6576 | D:6      | Reached XP level 9. HP: 39/78 MP: 10/10
  6797 | D:6      | Noticed Sigmund
  6805 | D:6      | Killed Sigmund
  6999 | D:6      | Noticed Grinder
  7011 | D:6      | Killed Grinder
  7231 | D:6      | Reached skill level 11 in Axes
  7998 | D:7      | Found Zazeisi's Book Shoppe.
  8841 | D:7      | Learned a level 3 spell: Regeneration
  8990 | D:7      | Reached skill level 12 in Axes
  9087 | D:7      | Reached XP level 10. HP: 88/88 MP: 11/11
  9397 | D:7      | Reached **** piety under Lugonu
  9397 | D:7      | Reached skill level 13 in Axes
  9408 | D:7      | Got a fine platinum ring
  9417 | D:7      | Got a coiled ivory amulet
  9418 | D:7      | Identified the amulet "Zoalycorch" {rPois rC++ Regen+} (You took it off a crimson imp on level 7 of the Dungeon)
  9419 | D:7      | Identified the ring "Boch" {*Slow Int+4 Dex+3 SInv Stlth-} (You took it off an orc on level 7 of the Dungeon)
  9430 | D:7      | Got a bound ivory ring
  9589 | D:7      | Got a scintillating jade ring
  9761 | D:7      | Identified the ring "Tinifao" {rC+ Str+4 Dex+3 Stlth+} (You found it on level 7 of the Dungeon)
  9763 | D:7      | Identified the ring of Ypad {rC- rN+ Str+5 Dex+3 Stlth-} (You found it on level 7 of the Dungeon)
  9897 | D:8      | Noticed Grum
  9918 | D:8      | Killed Grum
  9936 | D:8      | Noticed Joseph
  9943 | D:8      | HP: 1/91 [Joseph/quarterstaff of draining (6)]
  9945 | D:8      | Slain by Joseph

Vault maps used:
D:1:      dpeg_arrival_court, minmay_misc_feat_iff
D:2:      cheibriados_altar_1
D:3:      lemuel_doored_altar, overflow_temple_1_default
D:4:      okawaru_gym_becter, gammafunk_temple_overflow_pools, fedhas_altar_3
D:5:      minmay_temple_entry_poolview, first_ration, serial_shops,
          kennysheep_mini, uniq_pikel
D:6:      uniq_eustachio, uniq_grinder, uniq_sigmund
D:7:      minmay_the_grid_triangle_9x9_rhombus_full, serial_shops, shop,
          grunt_livestock, hangedman_minor_gate_pass
D:8:      dpeg_oklobed_lair, basic_altar, patterned_corridor, uniq_grum,
          uniq_joseph
Abyss:1:  minivault_23
Abyss:3:  bh_abyss_exit_choice, hangedman_decor_riveting

Skill      XL: |  1  2  3  4  5  6  7  8  9 10 |
---------------+-------------------------------+-----
Axes           | 3 4 5 6 9 10 12 13 | 13.8
Fighting       | 4 5 6 8 9 |  9.0
Armour         | 3 4 6 8 |  8.5
Dodging        | 1 2 3 |  3.3
Maces & Flails | |  0.6
Invocations    | |  2.5

Action                   |  1- 3 |  4- 6 |  7- 9 | 10-12 || total
-------------------------+-------+-------+-------+-------++-------
Melee: Hand axe          |   121 |    13 |       |       ||   134
       Battleaxe         |       |   133 |   341 |   137 ||   611
       Mace              |       |       |    27 |       ||    27
Invok: Depart the Abyss  |     1 |       |       |       ||     1
  Use: Scroll            |     1 |     7 |     3 |     3 ||    14
       Potion            |     1 |       |     5 |     1 ||     7
  Eat: Chunk             |     3 |     7 |    17 |     3 ||    30
Armor: Ice dragon scales |    35 |       |       |       ||    35
       Scale mail        |    37 |   106 |   178 |    52 ||   373
Dodge: Dodged            |    71 |    73 |   195 |    66 ||   405

Table legend:
 A = Spawn XP
 B = Non-spawn XP
 C = Spawn XP percentage of total XP
 D = Spawn monster count
 E = Non-spawn monster count
 F = Spawn count percentage of total count
 G = Total turns spent on level
                    A         B        C        D         E        F      G
               +---------+---------+-------+---------+---------+-------+---------
         Total |       0 |    7603 |   0.0 |       0 |     168 |   0.0 |  9945
               +---------+---------+-------+---------+---------+-------+---------
           D:1 |       0 |      24 |   0.0 |       0 |      16 |   0.0 |   886
           D:2 |       0 |      72 |   0.0 |       0 |      12 |   0.0 |   823
           D:3 |       0 |     158 |   0.0 |       0 |      22 |   0.0 |  1531
           D:4 |       0 |     439 |   0.0 |       0 |      17 |   0.0 |  1100
           D:5 |       0 |    1225 |   0.0 |       0 |      15 |   0.0 |  1565
           D:6 |       0 |    1609 |   0.0 |       0 |      27 |   0.0 |  1447
           D:7 |       0 |    3377 |   0.0 |       0 |      44 |   0.0 |  2243
           D:8 |       0 |     699 |   0.0 |       0 |      15 |   0.0 |   131
               +---------+---------+-------+---------+---------+-------+---------
